 Dungeon Crawl Stone Soup version 0.31.0-11-ge490571c62 (webtiles) character file.

Game seed: 2868407306279809785

260 shadowrider38 the Chopper (level 5, 19/47 HPs)
             Began as a Minotaur Fighter on Jan 30, 2024.
             Quit the game on level 4 of the Dungeon.
             The game lasted 00:02:06 (2557 turns).

shadowrider38 the Chopper (Minotaur Fighter)        Turns: 2557, Time: 00:02:06

Health: 19/47      AC:  9    Str: 23    XL:     5   Next: 95%
Magic:  4/4        EV:  9    Int:  5    God:
Gold:   234        SH:  9    Dex:  9    Spells: 4/4 levels left

rFire   . . .        a - +1 war axe (elec)
rCold   . . .        c - +0 buckler
rNeg    . . .        b - +0 scale mail
rPois   .            (helmet restricted)
rElec   .            (no cloak)
rCorr   .            i - +0 pair of gloves
SInv    .            g - +0 pair of boots
Will    .....        n - amulet of reflection Stlth
                     (no ring)
HPRegen 0.27/turn    (no ring)
MPRegen 0.09/turn

%: reflection
@: lethally poisoned (19 -> -2)
A: horns 2, retaliatory headbutt
a: no special abilities


You were on level 4 of the Dungeon.
You visited 1 branch of the dungeon, and saw 4 of its levels.

You collected 234 gold pieces.

Inventory:

Hand Weapons
 a - a +1 war axe of electrocution (weapon)
 r - a +0 war axe
Missiles
 t - 10 boomerangs (quivered)
 F - 6 curare-tipped darts
Armour
 b - a +0 scale mail (worn)
 c - a +0 buckler (worn)
 g - a +0 pair of boots (worn)
 i - a +0 pair of gloves (worn)
Jewellery
 n - an amulet of reflection (around neck)
Wands
 V - a wand of flame (9)
Scrolls
 e - 2 scrolls of vulnerability {unknown}
 h - a scroll of brand weapon {unknown}
 j - 4 scrolls of identify {unknown}
 q - a scroll of fear {unknown}
Potions
 d - 2 potions of might
 f - 3 potions of haste {unknown}
 k - 4 potions of curing {unknown}
 l - 2 potions of lignification {unknown}
 m - a potion of degeneration {unknown}
 o - a potion of brilliance {unknown}
 p - a potion of resistance {unknown}


   Skills:
 + Level 4.8 Fighting
 * Level 5.1 Axes
 + Level 4.8 Armour
 + Level 4.8 Shields


You had 4 spell levels left.
You didn't know any spells.
Your spell library contained the following spells:

 Spells                   Type           Power      Damage    Failure   Level
 Inner Flame              Hex/Fire       0%         N/A       99%         3
 Flame Wave               Conj/Fire      0%         2d4       100%        4


Dungeon Overview and Level Annotations

Branches:
Dungeon (4/15) Zot: 21389
 Temple: D:4-7

Altars:

Annotations:
D:3 exclusion: 2 downstairs
D:4 Dowan, Edmund


Innate Abilities, Weirdness & Mutations

You have a pair of horns on your head.
You reflexively headbutt those who attack you in melee.


Message History

There is a stone staircase leading up here.
You slash Duvessa! Your headbutt misses Duvessa.
Duvessa is heavily wounded.
Duvessa hits you with a +0 short sword! Duvessa hits you but does no damage.
You slash Duvessa! Lightning courses through Duvessa!
You kill Duvessa!
Dowan's eyes darken. "You have made a grave mistake."
Dowan seems to find hidden reserves of power!
You closely miss Dowan. Dowan barely misses you.
Dowan hits you but does no damage.
Your Axes skill increases to level 5!
You closely miss Dowan. Your headbutt misses Dowan.
Dowan hits you but does no damage. You block Dowan's attack.
You slash Dowan!
Dowan is heavily wounded.
You block Dowan's attack.
Dowan hits you with a +3 dagger of venom.
You are poisoned.
You hit Dowan but do no damage. Your headbutt misses Dowan.
Dowan is heavily wounded.
You feel very sick.
Dowan hits you with a +3 dagger of venom.
You are more poisoned.
Dowan casts a spell.
Dowan blinks!
You feel very sick. You block Dowan's attack.
You closely miss Dowan.
Dowan is heavily wounded.
You feel very sick.
Dowan hits you with a +3 dagger of venom.
You are more poisoned.
You are too injured to fight recklessly!
Okay, then.
Unknown command.
Unknown command.
You slash Dowan! Your headbutt misses Dowan.
Dowan is severely wounded.
You feel very sick.
Dowan hits you with a +3 dagger of venom.
You are lethally poisoned!
Dowan gestures wildly while chanting.
Dowan blinks!
Okay, then.
Unknown command.
Unknown command.
Unknown command.
Are you sure you want to abandon this character and quit the game? (Confirm with "yes".)
Okay, then.
Are you sure you want to abandon this character and quit the game? (Confirm with "yes".)

#............
#........... ####
#........... ##..<
##........... ###....####
#............
#.........###............
..........###.........##
#e.....###.........##
...##.<@ยง.#............#
.......).................
..............#..........
.......................#.
#.#...#................##
# #...#...........#......
........##.......#.....#
.......................#
................##....>


You could see Dowan (fast).

Vanquished Creatures
  Duvessa (D:4)
  A howler monkey (D:4)
  A bombardier beetle (D:4)
  An adder (D:2)
  A shadow imp (D:3)
  A ribbon worm (D:2)
  2 dart slugs
  5 ball pythons
  13 bats
  5 endoplasms
  2 giant cockroaches
  7 goblins
  6 hobgoblins
  10 kobolds
  4 quokkas
  4 frilled lizards
  4 rats
68 creatures vanquished.

Notes
Turn   | Place    | Note
-------+----------+-------------------------------------------
     0 | D:1      | shadowrider38 the Minotaur Fighter began the quest for the
                  | Orb.
     0 | D:1      | Reached XP level 1. HP: 19/19 MP: 0/0
    71 | D:1      | Reached XP level 2. HP: 27/27 MP: 1/1
   112 | D:1      | Reached skill level 3 in Axes
   581 | D:1      | Reached XP level 3. HP: 33/33 MP: 2/2
   871 | D:2      | Identified the +0 robe "Liraness" {rElec Str+3 Slay+2}
  1690 | D:3      | Reached XP level 4. HP: 39/40 MP: 3/3
  2035 | D:3      | Got the Guide on Oxidation
  2371 | D:4      | Noticed Edmund
  2453 | D:4      | Reached skill level 4 in Axes
  2464 | D:4      | Reached XP level 5. HP: 45/47 MP: 4/4
  2522 | D:4      | Noticed Duvessa
  2522 | D:4      | Noticed Dowan
  2550 | D:4      | Killed Duvessa
  2551 | D:4      | Reached skill level 5 in Axes
  2557 | D:4      | Quit the game

Illustrated notes

Levels and vault maps discovered:
D:1:      mrwooster_arrival_statue_3, layout_loops_ring, supply_closet_lemuel
D:2:      layout_loops_corners, chequers_serial_rivers_room_b, minmay_tripent
D:3:      layout_loops_ring
D:4:      layout_cave_pools, uniq_duvessa, uniq_edmund

Skill      XL: |  1  2  3  4  5 |
---------------+----------------+-----
Axes           | 3 4 5 |  5.1
Armour         | 4 |  4.8
Shields        | 4 |  4.8
Fighting       | 4 |  4.8

Action                     |  1- 3 |  4- 6 || total
---------------------------+-------+-------++-------
  Melee: War axe           |    97 |    46 ||   143
         Headbutt          |     8 |     6 ||    14
 Armour: Scale mail        |    72 |    27 ||    99
  Dodge: Dodged            |    48 |     9 ||    57
  Block: Buckler           |    45 |    29 ||    74
         Reflection        |     1 |     2 ||     3
